 Dungeon Crawl Stone Soup version 0.27.1-34-g3ba077fa99 (webtiles) character file.

Game seed: 7978904610959742830

127 Delamore the Sneak (level 4, -4/18 HPs)
             Began as a Felid Air Elementalist on Jan 22, 2022.
             Was an Initiate of Sif Muna.
             Slain by a bullfrog (5 damage)
             ... on level 4 of the Dungeon.
             The game lasted 00:11:18 (6350 turns).

Delamore the Sneak (Felid Air Elementalist)         Turns: 6350, Time: 00:11:19

Health: -4/18      AC:  1    Str:  4    XL:     4   Next: 85%
Magic:  5/10       EV: 20    Int: 20    God:    Sif Muna [......]
Gold:   1264       SH:  0    Dex: 22    Spells: 9/10 levels left
                                        Lives:  0   Deaths: 1

rFire    . . .     SeeInvis +   (weapon unavailable)
rCold    . . .     Faith    .   (shield unavailable)
rNeg     . . .     Spirit   .   (armour unavailable)
rPois    .         Reflect  .   (helmet unavailable)
rElec    .         Harm     .   (cloak unavailable)
rCorr    .         Rampage  .   (gloves unavailable)
Will     .....                  (boots unavailable)
Stlth    +++.......             (no amulet)
HPRegen  0.06/turn              k - +6 ring of dexterity
MPRegen  0.12/turn              (no ring)

@: mighty, very slightly contaminated, quick
A: very small, claws 1, fangs 3, see invisible, speed 1, shaggy fur 1, stealthy
paws, no weapons or thrown items, no armour, multi-lived, clever 1, MP-powered
wands
a: Renounce Religion


You were on level 4 of the Dungeon.
You worshipped Sif Muna.
Sif Muna was noncommittal.
You visited 1 branch of the dungeon, and saw 4 of its levels.
You also visited: Sewer.

You collected 1264 gold pieces.

Inventory:

Jewellery
 d - a ring of ice
 k - a +6 ring of dexterity (left paw)
Scrolls
 a - a scroll of fog
 b - a scroll of blinking
 g - a scroll of enchant armour
 h - a scroll of magic mapping
 i - a scroll of summoning
Potions
 c - a potion of ambrosia
 e - 3 potions of flight
 j - 3 potions of curing


   Skills:
 - Level 5.0 Dodging
 + Level 5.3 Stealth
 + Level 3.5 Spellcasting
 - Level 0.8 Conjurations
 + Level 2.8 Air Magic


You had 9 spell levels left.
You knew the following spells:

 Your Spells              Type           Power      Damage    Failure   Level
a - Shock                 Conj/Air       40%        1d5       6%          1

Your spell library contained the following spells:

 Spells                   Type           Power      Damage    Failure   Level
 Static Discharge         Conj/Air       10%        N/A       10%         2
 Swiftness                Air            14%        N/A       13%         3
 Airstrike                Air            7%         N/A       38%         4
 Olgreb's Toxic Radiance  Pois           3%         N/A       80%         4
 Ozocubu's Refrigeration  Ice            1%         4d5       100%        7
 Ignition                 Fire           1%         3d3       100%        8


Dungeon Overview and Level Annotations

Branches:
Dungeon (4/15)              Sewer (visited)
 Temple: D:4-7

Altars:
Dithmenos
Sif Muna


Innate Abilities, Weirdness & Mutations

You have sharp claws.
You have razor-sharp teeth.
You have supernaturally acute eyesight. (SInv)
You cover ground quickly. (Speed+)
You are covered in fur. (AC +1)
Your paws help you pounce on unaware monsters.
You are incapable of wielding weapons or throwing items.
You cannot wear armour.
You gain extra lives every three experience levels.
Your mind is acute. (Int +2)
You expend magic power (3 MP) to strengthen your wands.


Message History

The bullfrog is lightly wounded.
Casting: Shock (safe; 6% risk of failure)
Confirm with . or Enter, or press ? or * to list all spells.
Aiming: Shock (safe; 6% risk of failure)
Press: ? - help, Shift-Dir - straight line, f/p - bullfrog
Aim: a bullfrog (lightly wounded, 60% to hit)
The zap hits the bullfrog.
The bullfrog is moderately wounded.
Casting: Shock (safe; 6% risk of failure)
Confirm with . or Enter, or press ? or * to list all spells.
Aiming: Shock (safe; 6% risk of failure)
Press: ? - help, Shift-Dir - straight line, f/p - bullfrog
Aim: a bullfrog (moderately wounded, 60% to hit)
The zap hits the bullfrog.
The bullfrog is heavily wounded.
The bullfrog misses you.
Casting: Shock (safe; 6% risk of failure)
Confirm with . or Enter, or press ? or * to list all spells.
Aiming: Shock (safe; 6% risk of failure)
Press: ? - help, Shift-Dir - straight line, f/p - bullfrog
Aim: a bullfrog (heavily wounded, 60% to hit)
You miscast Shock.
Nothing appears to happen.
The bullfrog hits you!
Ouch! That really hurt!
A hobgoblin comes into view.
The bullfrog completely misses you.
Casting: Shock (safe; 6% risk of failure)
Confirm with . or Enter, or press ? or * to list all spells.
Aiming: Shock (safe; 6% risk of failure)
Press: ? - help, Shift-Dir - straight line, f/p - bullfrog
Aim: a bullfrog (moderately wounded, 60% to hit)
The zap misses the bullfrog.
The zap misses the hobgoblin.
The hobgoblin shouts!
The bullfrog barely misses you.
Okay, then.
It was a potion of might.
You feel very mighty all of a sudden. The bullfrog misses you.
The bullfrog hits you!
* * * LOW HITPOINT WARNING * * *
The bullfrog hits you.
You die...

.. ... ....# #.# #. #.#
#...## ##.# #. ##.###....
..# #. #........# ###.#
#. # #..###.#.#
#...#####. #. #........#
#.........
#..##..###.#.###........#
#.......@.($............#
##.....F...#####.......##
####..#########.......#
#.......s....##.......#
#.##.!######.......#.## #
#.g# #.#####...# #..# #.#
#..## ...# #.# #..# #...#
#.# .#


You could see a bullfrog.

Vanquished Creatures
  A jelly (D:3)
  An iguana (D:4)
  An orc wizard (D:3)
  2 adders
  3 worms (Sewer)
  3 orcs (D:3)
  10 bats
  9 endoplasms
  6 giant cockroaches
  4 goblins
  7 hobgoblins
  9 jackals
  8 kobolds
  9 quokkas
  7 ball pythons
  6 frilled lizards
  4 rats (D:1)
90 creatures vanquished.

Vanquished Creatures (collateral kills)
  An orc wizard (D:3)
1 creature vanquished.

Grand Total: 91 creatures vanquished

Notes
Turn   | Place    | Note
-------+----------+-------------------------------------------
     0 | D:1      | Delamore the Felid Air Elementalist began the quest for the
                  | Orb.
     0 | D:1      | Reached XP level 1. HP: 7/7 MP: 4/4
   365 | D:1      | Reached XP level 2. HP: 11/11 MP: 4/6
  1788 | D:2      | Reached XP level 3. HP: 6/14 MP: 5/7
  2799 | D:2      | Found a shadowy altar of Dithmenos.
  2882 | D:2      | Identified a scroll of acquirement
  2882 | D:2      | Acquired 1026 gold pieces
  2919 | D:3      | Found a glowing drain.
  3004 | Sewer    | Entered a sewer
  3193 | Sewer    | Reached XP level 4. HP: 18/18 MP: 2/9
  4888 | D:3      | Reached XP level 5. HP: 14/21 MP: 1/10
  5228 | D:3      | Reached skill level 5 in Stealth
  5450 | D:3      | Found a shimmering blue altar of Sif Muna.
  5626 | D:3      | Became a worshipper of Sif Muna the Loreminder
  5939 | D:4      | Gained mutation: You expend magic power (3 MP) to
                  | strengthen your wands. [potion of mutation]
  5939 | D:4      | Gained mutation: Your mind is acute. (Int +2) [potion of
                  | mutation]
  5939 | D:4      | HP: 1/21 [bullfrog (3)]
  5939 | D:4      | Slain by a bullfrog
  5940 | D:4      | Reached XP level 4. HP: -1/18 MP: 7/10
  6116 | D:4      | Reached skill level 5 in Dodging
  6263 | D:4      | Noticed a scorpion
  6350 | D:4      | Slain by a bullfrog

Illustrated notes

Levels and vault maps discovered:
D:1:      eino_arrival_water_cross, layout_loops_cross, kennysheep_minor_cross
D:2:      layout_loops_ring, basic_altar
D:3:      layout_basic, mainiacjoe_overflow_catwalk, portal_sewer_entry_f,
          minmay_pentangle
D:4:      layout_loops_ring

Skill      XL: |  1  2  3  4  5 |
---------------+----------------+-----
Stealth        | 3 4 5 |  5.3
Dodging        | 3 5 |  5.0
Spellcasting   | 3 |  3.5
Conjurations   | |  0.8
Air Magic      | |  2.8

Action                   |  1- 3 |  4- 6 || total
-------------------------+-------+-------++-------
Melee: Unarmed           |    60 |    86 ||   146
       Bite              |     3 |     3 ||     6
 Cast: Shock             |    82 |   116 ||   198
  Use: Scroll            |     3 |     8 ||    11
       Potion            |       |     8 ||     8
 Stab: Sleeping          |     2 |     1 ||     3
Armor: Skin              |     2 |    15 ||    17
Dodge: Dodged            |    48 |   101 ||   149
